Map: [ESL] Site Delta

Players

SKillous

  • Race: Protoss Protoss
  • League: Grandmaster
  • Spawn Location: 5:00

ShoWTimE - Winner!

  • Race: Protoss Protoss
  • League: Master
  • Spawn Location: 11:00

Event: HomeStory Cup XXV

VOD

Have the link to the VOD?

Description

Time

  • Played on: June 23, 2024, 12:18 p.m.
  • Length: 12:02

All games in this series

Show
View Real Time Build Order
Export as new Build Order

SKillous Protoss 

Build Orders:  

Get SALT Encoding   

  12  0:00  Probe  
  13  0:12  Probe  
  14  0:18  Pylon  
  14  0:24  Probe  
  15  0:36  Probe (Chrono Boost)  
  15  0:39  Gateway  
  16  0:45  Probe (Chrono Boost)  
  16  0:47  Assimilator  
  17  0:50  Probe (Chrono Boost)  
  18  1:02  Probe  
  19  1:15  Probe  
  20  1:27  Cybernetics Core, Probe  
  20  1:28  Pylon  
  20  1:29  Zealot  
  23  1:33  Pylon  
  23  1:42  Assimilator  
  23  1:46  Probe  
  24  1:59  Nexus  
  25  2:02  Stalker (Chrono Boost)  
  25  2:08  Warp Gate  
  26  2:11  Probe  
  27  2:19  Pylon  
  27  2:23  Probe  
  27  2:26  Stalker (Chrono Boost)  
  30  2:35  Probe  
  31  2:45  Gateway  
  31  2:47  Probe  
  32  2:52  Stalker  
  34  3:01  Shield Battery  
  34  3:06  Shield Battery  
  34  3:11  Probe (Chrono Boost)  
  34  3:12  Probe (Chrono Boost)  
  36  3:22  Stalker  
  36  3:26  Probe (Chrono Boost)  
  36  3:27  Probe  
  34  3:37  Probe  
  34  3:39  Probe  
  33  3:49  Probe  
  33  3:50  Twilight Council  
  33  3:51  Probe  
  35  4:01  Stalker x2, Probe  
  40  4:03  Probe  
  41  4:13  Probe  
  41  4:15  Probe  
  43  4:20  Blink (Chrono Boost)  
  38  4:28  Stalker  
  38  4:29  Stalker, Probe (Chrono Boost)  
  38  4:30  Probe (Chrono Boost)  
  44  4:41  Probe (Chrono Boost)  
  44  4:44  Robotics Facility  
  46  4:47  Probe (Chrono Boost)  
  46  4:48  Probe (Chrono Boost)  
  46  4:51  Stalker  
  49  4:53  Probe  
  49  4:56  Probe  
  49  4:59  Stalker  
  53  5:05  Probe  
  54  5:12  Pylon  
  54  5:13  Pylon  
  54  5:21  Nexus  
  54  5:30  Shield Battery, Sentry, Stalker  
  54  5:31  Observer  
  54  5:33  Probe (Chrono Boost)  
  61  5:35  Probe (Chrono Boost)  
  62  5:43  Assimilator, Probe (Chrono Boost)  
  62  5:46  Gateway  
  62  5:47  Probe (Chrono Boost)  
  63  5:55  Stalker x2  
  67  5:57  Pylon  
  66  6:06  Immortal (Chrono Boost)  
  70  6:14  Probe  
  70  6:17  Cybernetics Core  
  70  6:23  Zealot  
  70  6:24  Zealot  
  70  6:25  Probe  
  74  6:27  Probe  
  74  6:31  Pylon  
  75  6:35  Pylon  
  75  6:38  Immortal (Chrono Boost)  
  77  6:43  Probe (Chrono Boost)  
  77  6:44  Probe (Chrono Boost)  
  77  6:45  Probe (Chrono Boost)  
  80  6:54  Stalker  
  80  6:57  Stalker x2  
  80  6:58  Resonating Glaives (Chrono Boost)  
  80  7:00  Probe (Chrono Boost)  
  80  7:01  Probe x2 (Chrono Boost)  
  90  7:09  Probe x2 (Chrono Boost)  
  90  7:10  Probe (Chrono Boost)  
  92  7:16  Observer  
  92  7:19  Probe x2  
  92  7:22  Probe  
  95  7:27  Gateway x2  
  95  7:29  Gateway  
  95  7:31  Sentry, Probe x2  
  95  7:33  Gateway  
  95  7:34  Probe  
  95  7:37  Gateway  
  100  7:43  Pylon, Probe  
  101  7:45  Assimilator  
  101  7:49  Pylon  
  101  7:56  Pylon  
  101  7:58  Pylon  
  101  8:01  Warp Prism, Probe  
  104  8:06  Stalker x2  
  104  8:07  Stalker  
  110  8:16  Pylon  
  110  8:23  Stalker x2  
  114  8:27  Stalker x2  
  118  8:35  Stalker x4  
  118  8:38  Pylon  
  126  8:51  Observer  
  126  8:53  Adept x3  
  126  8:54  Adept  
  134  8:58  Adept x4  
  142  9:16  Adept x4  
  148  9:18  Pylon  
  148  9:19  Pylon  
  148  9:21  Gateway  
  148  9:22  Pylon  
  148  9:27  Forge  
  148  9:34  Adept  
  148  9:37  Adept x4  
  156  9:40  Adept x3  
  162  9:55  Pylon x3  
  162  9:59  Stalker x4  
  170  10:00  Adept  
  170  10:05  Observer  
  172  10:12  Warp Prism  
  168  10:17  Protoss Ground Weapons Level 1 (Chrono Boost)  
  168  10:19  Stalker x2, Adept x2  
  168  10:20  Adept  
  174  10:24  Adept x4  
  159  10:45  Stalker x6  
  155  10:57  Stalker x3  
  137  11:09  Stalker x5  
  145  11:16  Stalker  
  147  11:20  Stalker  
  147  11:23  Stalker  
  146  11:27  Stalker  
  130  11:34  Stalker  
  117  11:41  Stalker  
  117  11:45  Stalker  
Show
View Real Time Build Order
Export as new Build Order

ShoWTimE Protoss - Winner!

Build Orders: Oracle Opening 

Get SALT Encoding   

  12  0:00  Probe  
  13  0:12  Probe  
  14  0:17  Pylon  
  14  0:24  Probe (Chrono Boost)  
  15  0:36  Probe (Chrono Boost)  
  15  0:37  Gateway  
  16  0:45  Probe (Chrono Boost)  
  16  0:46  Assimilator  
  17  0:50  Probe  
  18  1:03  Probe (Chrono Boost)  
  19  1:14  Assimilator  
  19  1:15  Pylon, Probe (Chrono Boost)  
  20  1:23  Probe (Chrono Boost)  
  21  1:26  Cybernetics Core  
  21  1:29  Probe  
  22  1:36  Pylon  
  22  1:41  Probe  
  22  1:42  Zealot  
  25  1:53  Probe  
  26  2:03  Stargate  
  26  2:09  Adept  
  28  2:16  Warp Gate  
  28  2:28  Nexus  
  28  2:34  Pylon  
  28  2:41  Stalker  
  29  2:49  Oracle (Chrono Boost)  
  32  2:58  Shield Battery  
  32  3:01  Probe  
  33  3:13  Probe  
  33  3:17  Oracle (Chrono Boost)  
  37  3:25  Probe  
  38  3:37  Probe  
  38  3:41  Probe  
  40  3:45  Twilight Council  
  40  3:49  Probe  
  40  3:53  Gateway, Probe  
  42  4:01  Gateway, Probe  
  43  4:05  Probe  
  44  4:10  Stalker  
  44  4:13  Blink (Chrono Boost), Probe  
  47  4:17  Probe  
  48  4:25  Probe, Pylon  
  48  4:29  Probe  
  50  4:34  Stalker  
  50  4:37  Probe  
  53  4:41  Probe  
  53  4:43  Gateway  
  54  4:49  Stalker  
  54  4:50  Probe  
  57  4:53  Probe, Pylon  
  57  4:58  Stalker  
  60  5:02  Probe  
  60  5:06  Probe  
  62  5:07  Assimilator  
  62  5:11  Pylon  
  62  5:12  Stalker  
  62  5:14  Probe  
  65  5:17  Stalker  
  67  5:31  Nexus  
  67  5:36  Probe x2  
  67  5:40  Stalker  
  71  5:42  Stalker  
  71  5:45  Stalker  
  75  5:50  Stalker  
  75  5:51  Probe  
  75  5:56  Pylon  
  76  6:14  Stalker x4  
  76  6:15  Probe x2  
  86  6:23  Forge  
  86  6:32  Probe x2  
  86  6:39  Stalker  
  86  6:43  Protoss Ground Weapons Level 1 (Chrono Boost)  
  86  6:44  Probe (Chrono Boost), Pylon  
  86  6:45  Stalker x3, Probe (Chrono Boost)  
  95  6:50  Probe (Chrono Boost)  
  95  6:52  Charge (Chrono Boost)  
  97  6:54  Probe (Chrono Boost)  
  97  6:55  Probe (Chrono Boost)  
  97  6:56  Robotics Facility  
  97  6:58  Probe (Chrono Boost)  
  97  6:59  Probe x2 (Chrono Boost)  
  100  7:09  Probe  
  100  7:10  Probe  
  102  7:16  Gateway x2  
  102  7:19  Gateway  
  102  7:22  Gateway  
  102  7:27  Pylon  
  102  7:33  Pylon  
  102  7:36  Nexus  
  102  7:41  Pylon  
  102  7:43  Zealot x2, Sentry  
  108  7:45  Observer  
  108  7:47  Zealot, Pylon  
  111  7:55  Probe x2  
  111  7:56  Probe  
  114  8:03  Immortal  
  118  8:07  Zealot  
  118  8:08  Zealot x3  
  118  8:11  Pylon  
  118  8:12  Pylon  
  126  8:13  Pylon  
  126  8:25  Protoss Ground Weapons Level 2 (Chrono Boost)  
  126  8:27  Gateway  
  126  8:28  Gateway  
  126  8:30  Templar Archives  
  126  8:34  Zealot x6  
  136  8:43  Immortal (Chrono Boost)  
  136  8:45  Zealot x2  
  144  8:53  Probe x4  
  148  8:57  Pylon  
  148  9:08  Zealot x8  
  164  9:17  Pylon  
  164  9:18  Warp Prism (Chrono Boost), Probe  
  167  9:27  Zealot x2  
  167  9:30  Zealot x5  
  171  9:47  Shield Battery, High Templar x2  
  171  9:48  Shield Battery, Zealot x3, Immortal  
  185  9:53  Archon, Pylon  
  185  10:00  Zealot x5  
  185  10:03  Pylon  
  195  10:13  Stalker x3  
  193  10:20  Stalker x6  
  199  10:25  Gateway  
  199  10:31  Gateway  
  197  10:38  Zealot x4  
  181  10:45  Zealot x6  
  159  11:00  Zealot  
  159  11:01  Zealot x3  
  165  11:06  Zealot x6  
  171  11:28  Zealot x12  
  183  11:48  Stalker x8  
Tags
 
Add a new tag
Caveats
  • Supply blocks, unpowered buildings, or Contaminate may cause inaccurate times.
  • Supply counts are checked every 10 seconds.